 Dungeon Crawl Stone Soup version 0.31-a0-743-g45f7035092 (webtiles) character file.

Game seed: 5363035181191659618

39 cforsyth the Trooper (level 3, -2/46 HPs)
             Began as a Djinni Chaos Knight on Sept 12, 2023.
             Was a Plaything of Xom.
             Slain by a goblin
             ... wielding a +3 dagger of chaos
             ... led by Robin
              (3 damage)
             ... on level 1 of the Dungeon.
             The game lasted 00:01:41 (1125 turns).

cforsyth the Trooper (Djinni Chaos Knight)          Turns: 1125, Time: 00:01:42

Health: -2/46      AC:  5    Str: 11    XL:     3   Next: 70%
Gold:   67         EV: 11    Int: 15    God:    Xom [.*....] SH:  0 Dex: 12

rFire   + + .        f - +2 short sword (protect)
rCold   x . .        (no shield)
rNeg    . . .        b - +2 leather armour
rPois   ∞            (no helmet)
rElec   .            (no cloak)
rCorr   .            (no gloves)
SInv    .            (boots unavailable)
Will    .....        g - amulet of faith Stlth
                     (no ring)
HPRegen 0.27/turn    (no ring)
MPRegen 0.00/turn

%: faith, infuse magic (-3 HP)
@: berserking, flying, very slightly contaminated, very quick
A: sickness immunity, fire resistance 2, cold vulnerability 1, float, innate
caster, HP casting, extra vitality 1
a: Renounce Religion


You were on level 1 of the Dungeon.
You worshipped Xom.
You were a plaything of Xom.
You visited 1 branch of the dungeon, and saw 2 of its levels.

You collected 67 gold pieces.

Inventory:

Hand Weapons
 a - a +0 falchion of chaos
 f - a +2 short sword of protection (weapon)
Armour
 b - a +2 leather armour (worn)
Jewellery
 g - an amulet of faith (around neck)
Scrolls
 c - a scroll of butterflies
 e - a scroll of enchant armour {unknown}
 h - a scroll of revelation {unknown}
 i - a scroll of fog {unknown}
 j - a scroll of teleportation {unknown}
 l - a scroll of brand weapon {unknown}
Potions
 d - a potion of might {unknown}
 k - a potion of heal wounds {unknown}


   Skills:
 + Level 3.7 Fighting
 - Level 2.6 Long Blades
 - Level 1.0 Armour
 - Level 2.1 Dodging
 + Level 1.4 Spellcasting
 + Level 1.4 Conjurations
 + Level 1.4 Hexes
   Level 0.0 Charms
 + Level 1.4 Summonings
 + Level 1.4 Necromancy
 + Level 1.4 Translocations
 + Level 1.4 Transmutations
 + Level 1.4 Fire Magic
 + Level 1.4 Ice Magic
 + Level 1.4 Air Magic
 + Level 1.4 Earth Magic
 + Level 1.4 Poison Magic


You knew the following spells:

 Your Spells              Type           Power      Damage    Failure   Level
a - Shock                 Conj/Air       20%        1d4       17%         1
Your spell library was empty.

Dungeon Overview and Level Annotations

Branches:
Dungeon (2/15)

Altars:

Annotations:
D:2 Robin, Sigmund


Innate Abilities, Weirdness & Mutations

You are immune to sickness and miasma.
You are immune to poison.
Your flesh is very heat resistant. (rF++)
You are vulnerable to cold. (rC-)
You float through the air rather than walking.
You learn spells naturally, not from books.
Your magical power is your life essence.
You have superior vitality. (+4 MHP)


Message History

The goblin hits you but does no damage. x2
Casting: Shock (safe; 17% risk of failure)
Confirm with . or Enter, or press ? or * to list all spells.
Aiming: Shock (safe; 17% risk of failure)
Press: ? - help, Shift-Dir - straight line, f - Robin
Aim: Robin, wielding a +0 falchion, wearing a +0 animal skin and wearing a +0 helmet (moderately wounded, 74% to hit)
The zap hits the hobgoblin.
The hobgoblin is severely wounded.
The zap hits Robin.
Robin is heavily wounded.
The goblin hits you but does no damage. x2; The hobgoblin hits you.
Casting: Shock (safe; 17% risk of failure)
Confirm with . or Enter, or press ? or * to list all spells.
Aiming: Shock (safe; 17% risk of failure)
Press: ? - help, Shift-Dir - straight line, p - Robin The zap misses the hobgoblin.
The zap hits Robin.
Robin is heavily wounded.
The zap hits something.
The goblin closely misses you. The goblin hits you with a +0 dagger.
The hobgoblin hits you. "Have a taste of chaos, mortal."
The goblin's +0 dagger erupts in a glittering mayhem of colour.
Robin throws the goblin at you! The goblin barely misses you.
The goblin hits you with a +3 dagger of chaos.
* * * LOW HITPOINT WARNING * * *
A red film seems to cover your vision as you go berserk!
You feel yourself moving faster!
You feel mighty! Something hits you!
* * * LOW HITPOINT WARNING * * *
The hobgoblin barely misses you.
You fly upwards.
Reactivating autopickup.
There is a stone staircase leading down here.
Unknown command.
Unknown command.
Unknown command.
Unknown command.
You miss the goblin.
The goblin is moderately wounded.
The goblin hits you with a +3 dagger of chaos.
You die...
Xom yawns loudly!

######.<..### #............#
....##...#######.####.#####.#
.#########.....#.# #.# #.#
#.## #.#.####.#.# #.# #.#
##.# ##.#.# #.#.# #.# #.#
#.###.#..# #.#.####.# #.#
##.##.###.## #..g.....# #.#
#....## ##.# ###g###### #.#
.####.###.## #@# #.# ##
##.#.## #g# #.# #######.##
#.# #.# ........#
#.##########.# #########
#...[........# ##############


You could see a hobgoblin (strong) and 2 goblins.

Vanquished Creatures
  A dart slug (D:1)
  4 ball pythons (D:1)
  3 endoplasms (D:1)
  2 giant cockroaches
  2 goblins
  3 hobgoblins
  4 jackals (D:1)
  4 quokkas (D:1)
  A bat (D:1)
  2 frilled lizards (D:1)
  5 kobolds
  A rat (D:1)
32 creatures vanquished.

Notes
Turn   | Place    | Note
-------+----------+-------------------------------------------
     0 | D:1      | cforsyth the Djinni Chaos Knight began the quest for the
                  | Orb.
     0 | D:1      | Reached XP level 1. HP: 20/20 MP: 0/0
    97 | D:1      | XOM: silly message
   251 | D:1      | Reached XP level 2. HP: 25/25 MP: 0/0
   268 | D:1      | XOM: silly message
   369 | D:1      | XOM: 1-stop teleportation journey
   445 | D:1      | Reached skill level 1 in Spellcasting
   445 | D:1      | Reached skill level 1 in Conjurations
   445 | D:1      | Reached skill level 1 in Hexes
   445 | D:1      | Reached skill level 1 in Summonings
   445 | D:1      | Reached skill level 1 in Necromancy
   445 | D:1      | Reached skill level 1 in Translocations
   445 | D:1      | Reached skill level 1 in Transmutations
   445 | D:1      | Reached skill level 1 in Fire Magic
   445 | D:1      | Reached skill level 1 in Ice Magic
   445 | D:1      | Reached skill level 1 in Air Magic
   445 | D:1      | Reached skill level 1 in Earth Magic
   445 | D:1      | Reached skill level 1 in Poison Magic
   454 | D:1      | Reached XP level 3. HP: 23/30 MP: 0/0
   454 | D:1      | Learned a level 1 spell: Shock
   628 | D:1      | XOM: noise
  1087 | D:2      | Noticed Sigmund
  1087 | D:2      | Noticed Robin
  1115 | D:2      | XOM: enchant monster (bad)
  1123 | D:2      | XOM: chaos upgrade
  1123 | D:2      | HP: 1/46 [something (8)]
  1125 | D:1      | Slain by a goblin

Illustrated notes

Levels and vault maps discovered:
D:1:      dpeg_arrival_round_c, layout_loops_ring
D:2:      layout_rooms, basic_altar, minmay_split_cup_large, uniq_robin,
          uniq_sigmund

Skill      XL: |  1  2 |
---------------+-------+-----
Spellcasting   | 1 |  1.4
Conjurations   | 1 |  1.4
Hexes          | 1 |  1.4
Summonings     | 1 |  1.4
Necromancy     | 1 |  1.4
Translocations | 1 |  1.4
Transmutations | 1 |  1.4
Fire Magic     | 1 |  1.4
Ice Magic      | 1 |  1.4
Air Magic      | 1 |  1.4
Earth Magic    | 1 |  1.4
Poison Magic   | 1 |  1.4
Fighting       | |  3.7
Long Blades    | |  2.6
Armour         | |  1.0
Dodging        | |  2.1

Action                     || total
---------------------------++-------
  Melee: Falchion          ||    16
         Short sword       ||    56
   Cast: Shock             ||    34
   Stab: Sleeping          ||     1
 Armour: Leather armour    ||    87
  Dodge: Dodged            ||    68

Table legend: (Time is in decaauts)
 A = Elapsed time spent in this place.
 B = Non-inter-level travel time spent in this place.
 C = Inter-level travel time spent in this place.
 D = Time resting spent in this place.
 E = Time spent auto-exploring this place.
 F = Levels seen in this place.
 G = Mean time per level.
                   A        B        C        D        E       F      G
               +--------+--------+--------+--------+--------+-----+--------+
         Total |   1123 |   1107 |     16 |     72 |    802 |   2 |  561.5 |
       Dungeon |   1123 |   1107 |     16 |     72 |    802 |   2 |  561.5 |
               +--------+--------+--------+--------+--------+-----+--------+

Top non-repeatable levels by time:
     D:1: 988 daAuts
     D:2: 135 daAuts
